 Dungeon Crawl Stone Soup version 0.31-a0-626-g8143ab4f1d (webtiles) character file.

Game seed: 6754984783843705473

155 IdlyInterested the Chopper (level 5, 0/36 HPs)
             Began as a Demonspawn Gladiator on Aug 23, 2023.
             Slain by Pikel
             ... wielding a +1 whip of electrocution
              (2 damage)
             ... on level 4 of the Dungeon on Aug 24, 2023.
             The game lasted 00:06:54 (2302 turns).

IdlyInterested the Chopper (Demonspawn Gladiator)   Turns: 2302, Time: 00:06:54

Health: 0/36       AC: 13    Str: 16      XL:     5   Next: 14%
Magic:  5/5        EV: 12    Int: 13 (15) God:
Gold:   175        SH:  0    Dex: 15      Spells: 4/4 levels left

rFire   . . .        a - +0 war axe
rCold   + . .        (no shield)
rNeg    . . .        b - +0 leather armour
rPois   .            (helmet restricted)
rElec   .            x - scarf {+Inv}
rCorr   .            k - +0 pair of gloves
SInv    .            (no boots)
Will    .....        (no amulet)
Stlth   +            q - +6 ring of intelligence
HPRegen 0.26/turn    w - ring of protection from cold
MPRegen 0.09/turn

%: no passive effects
@: sanguine armoured
A: horns 1, powered by pain 1, sanguine armour 2, frail 1, sense surroundings 1,
evolution 1, inability to drink after injury 1
a: Evoke Invisibility


You were on level 4 of the Dungeon.
You visited 1 branch of the dungeon, and saw 4 of its levels.

You collected 175 gold pieces.

Inventory:

Hand Weapons
 a - a +0 war axe (weapon)
Missiles
 d - 3 throwing nets
 e - 3 javelins
 h - 3 poisoned darts
 j - 20 stones (quivered)
Armour
 b - a +0 leather armour (worn)
 k - a +0 pair of gloves (worn)
 r - the +0 robe of Virtue {rC- Dex+5 Archmagi}
   (You found it on level 4 of the Dungeon)

   Dex+5:     It affects your dexterity (+5).
   rC-:       It makes you vulnerable to cold.
   Archmagi:  It increases the power of your magical spells.
 x - a scarf of invisibility (worn)
Magical Staves
 z - a staff of death
Jewellery
 q - a +6 ring of intelligence (left hand)
 w - a ring of protection from cold (right hand)
Scrolls
 f - a scroll of revelation {unknown}
 l - a scroll of fear {unknown}
 m - a scroll of amnesia {unknown}
 n - a scroll of immolation {unknown}
 t - a scroll of butterflies
 y - a scroll of teleportation
Potions
 c - a potion of brilliance
 g - 2 potions of enlightenment
 i - a potion of attraction {unknown}
 o - a potion of resistance {unknown}
 p - a potion of ambrosia {unknown}
 s - a potion of heal wounds {unknown}
 u - a potion of curing
 v - a potion of mutation


   Skills:
 + Level 3.2 Fighting
 * Level 4.2 Axes
 - Level 1.7 Throwing
 - Level 1.0 Armour
 - Level 2.6 Dodging
 - Level 1.0 Stealth
 - Level 1.0 Evocations


You had 4 spell levels left.
You didn't know any spells.
Your spell library was empty.

Dungeon Overview and Level Annotations

Branches:
Dungeon (4/15)
 Temple: D:4-7

Altars:
Makhleb

Annotations:
D:4 Pikel


Innate Abilities, Weirdness & Mutations

You have a pair of small horns on your head.
You sometimes gain a little power by taking damage.
When seriously injured, your blood forms thick armour. (AC +9)
You are frail. (-10% HP)
You passively map a small area around you.
You have hidden genetic potential.
You occasionally lose the ability to drink potions when taking damage.


Message History

You feel energised by your suffering.
You closely miss the kobold.
The kobold is severely wounded.
The kobold hits you with a +0 club. The kobold closely misses you.
You slash the kobold!
You kill the kobold!
Things that are here:
a +0 club; a kobold corpse You now have 175 gold pieces (gained 13).
f - a scroll labelled XOGOMNURPHI You see here the +0 robe of Virtue {rC- Dex+5 Archmagi}.
r - the +0 robe of Virtue {rC- Dex+5 Archmagi} HP restored.
A - a silvery potion A gnoll comes into view.
It is wielding a +0 spear.
An iguana and a gnoll come into view.
The gnoll is wielding a +2 heavy flail.
A gnoll comes into view. It is wielding a +0 club.
Found a blue potion.
The iguana hisses angrily.
The gnoll shouts!
The gnoll shouts!
Pikel, Merchant of Souls comes into view.
He is wielding a +1 whip of electrocution.
A lemure comes into view.
The lemure shouts!
Pikel shouts!
Pikel hits you with a +1 whip of electrocution.
You hear a shout!
You hit Pikel but do no damage. Your headbutt misses Pikel.
Pikel hits you with a +1 whip of electrocution!
Your blood congeals into armour.
You hit Pikel but do no damage. Your headbutt misses Pikel.
Pikel barely misses you.
Pikel hits you with a +1 whip of electrocution.
You are electrocuted!
* * * LOW HITPOINT WARNING * * *
A lemure comes into view.
It was a potion of magic.
Magic courses through your body.
The gnoll hits you with a +2 heavy flail.
* * * LOW HITPOINT WARNING * * *
Pikel hits you with a +1 whip of electrocution.
You die...
Pikel says, "Another soul for the market."

,#.#.# #.......#* #.#.#
#....... *, ##...# .....+
* .#.#....# #...!+∩ .
........#####....+++..
#.#.#5............... *
#.#.#..######........ ,
#.#.#5K######.......!
#.#.#..@gl.g.........
######..†)..######g.###..#
,............# #....g .#*
##.........# *.........
#.##.....## .....#.# * #
#......# *..##.#,# *, *,
######.# #..# .# , , #.#
.# . * * #.# *,,,


You could see Pikel, 2 lemures, an iguana and 3 gnolls.

Vanquished Creatures
  A scorpion (D:4)
  4 adders
  2 worms
  4 ball pythons
  6 endoplasms
  4 giant cockroaches
  5 goblins
  6 hobgoblins
  2 jackals (D:2)
  7 kobolds
  4 quokkas
  4 bats
  5 frilled lizards
  4 rats
58 creatures vanquished.

Notes
Turn   | Place    | Note
-------+----------+-------------------------------------------
     0 | D:1      | IdlyInterested the Demonspawn Gladiator began the quest for
                  | the Orb.
     0 | D:1      | Reached XP level 1. HP: 16/16 MP: 1/1
     2 | D:1      | Noticed a spriggan
     2 | D:1      | Noticed a draconian
     6 | D:1      | Noticed a human
     6 | D:1      | Noticed a vampire
     8 | D:1      | Noticed a formicid
     8 | D:1      | Noticed a merfolk
    10 | D:1      | Noticed a vine stalker
    10 | D:1      | Noticed a naga
    12 | D:1      | Noticed a felid
    12 | D:1      | Noticed a ghoul
    14 | D:1      | Noticed a minotaur
    14 | D:1      | Noticed a demonspawn
    16 | D:1      | Noticed a tengu
    16 | D:1      | Noticed an armataur
    18 | D:1      | Noticed a gargoyle
    20 | D:1      | Noticed an elf
    20 | D:1      | Noticed an octopode
    22 | D:1      | Noticed an ogre
    22 | D:1      | Noticed a demigod
    24 | D:1      | Noticed a naga
    24 | D:1      | Noticed a troll
    26 | D:1      | Noticed an octopode
    26 | D:1      | Noticed a gargoyle
   124 | D:1      | Gained mutation: When seriously injured, your blood forms
                  | armour. (AC +9) [demonic ancestry]
   124 | D:1      | Reached XP level 2. HP: 22/22 MP: 2/2
   161 | D:1      | Reached skill level 3 in Axes
   162 | D:1      | Reached skill level 1 in Armour
   485 | D:1      | Upgraded the game from 0.31-a0-620-gd1cbd99268 to
                  | 0.31-a0-626-g8143ab4f1d
   582 | D:2      | Gained mutation: When seriously injured, your blood forms
                  | thick armour. (AC +9) [demonic ancestry]
   582 | D:2      | Reached XP level 3. HP: 26/28 MP: 3/3
   639 | D:2      | Reached skill level 1 in Stealth
   859 | D:2      | Found a burning altar of Makhleb.
   970 | D:2      | Found a faded altar of an unknown god.
  1512 | D:3      | Gained mutation: You have a pair of small horns on your
                  | head. [demonic ancestry]
  1512 | D:3      | Reached XP level 4. HP: 17/34 MP: 4/4
  1599 | D:3      | Found a burning altar of Makhleb.
  2224 | D:4      | Gained mutation: You passively map a small area around you.
                  | [potion of mutation]
  2224 | D:4      | Gained mutation: You occasionally lose the ability to drink
                  | potions when taking damage. [potion of mutation]
  2224 | D:4      | Gained mutation: You are frail. (-10% HP) [potion of
                  | mutation]
  2224 | D:4      | Gained mutation: You have hidden genetic potential. [potion
                  | of mutation]
  2234 | D:4      | Identified the +0 robe of Virtue {rC- Dex+5 Archmagi}
  2239 | D:4      | Noticed a scorpion
  2248 | D:4      | Killed a scorpion
  2249 | D:4      | Reached skill level 4 in Axes
  2249 | D:4      | Reached skill level 1 in Evocations
  2249 | D:4      | Gained mutation: You sometimes gain a little power by
                  | taking damage. [demonic ancestry]
  2249 | D:4      | Reached XP level 5. HP: 30/36 MP: 5/5
  2298 | D:4      | Noticed Pikel
  2299 | D:4      | Noticed a lemure
  2301 | D:4      | Noticed a lemure
  2302 | D:4      | Slain by Pikel

Illustrated notes

Levels and vault maps discovered:
D:1:      kb_arrival_jail, layout_rooms, hangedman_feature_mirror
D:2:      layout_basic, basic_altar,
          dreamdust_ecumenical_altar_hidden_monk_grotto
D:3:      layout_loops_ring, mainiacjoe_overflow_catwalk,
          minmay_misc_feat_roman, dk_noncrumbling_3, nrook_campfire,
          minivault_26
D:4:      layout_loops_ring, serial_shops, nicolae_shop_tiny_real_fake_doors,
          uniq_edmund, uniq_pikel

Skill      XL: |  1  2  3  4 |
---------------+-------------+-----
Axes           | 3 4 |  4.2
Armour         | 1 |  1.0
Stealth        | 1 |  1.0
Fighting       | 3 |  3.2
Evocations     | 1 |  1.0
Throwing       | |  1.7
Dodging        | |  2.6

Action                     |  1- 3 |  4- 6 || total
---------------------------+-------+-------++-------
  Melee: War axe           |   151 |    26 ||   177
         Headbutt          |       |     7 ||     7
    Use: Potion            |     1 |     5 ||     6
         Scroll            |     1 |     3 ||     4
   Stab: Sleeping          |     1 |     2 ||     3
 Armour: Leather armour    |    64 |     4 ||    68
  Dodge: Dodged            |   106 |    13 ||   119

Table legend: (Time is in decaauts)
 A = Elapsed time spent in this place.
 B = Non-inter-level travel time spent in this place.
 C = Inter-level travel time spent in this place.
 D = Time resting spent in this place.
 E = Time spent auto-exploring this place.
 F = Levels seen in this place.
 G = Mean time per level.
                   A        B        C        D        E       F      G
               +--------+--------+--------+--------+--------+-----+--------+
         Total |   2361 |   2156 |    205 |     93 |   1416 |   4 |  590.2 |
       Dungeon |   2361 |   2156 |    205 |     93 |   1416 |   4 |  590.2 |
               +--------+--------+--------+--------+--------+-----+--------+

Top non-repeatable levels by time:
     D:2: 973 daAuts
     D:3: 712 daAuts
     D:1: 563 daAuts
     D:4: 112 daAuts
